 Dungeon Crawl Stone Soup version 0.30-a0-6-g7c9e10e132 (webtiles) character file.

Game seed: 3486953517645020601

86 SensoryNuts the Chopper (level 4, -3/35 HPs)
             Began as a Vampire Fighter on Aug 22, 2022.
             Slain by a kobold brigand
             ... wielding a +0 dagger
              (5 damage)
             ... in a sewer.
             The game lasted 00:02:37 (2249 turns).

SensoryNuts the Chopper (Vampire Fighter)           Turns: 2249, Time: 00:02:38

Health: -3/35      AC:  6    Str: 17      XL:     4   Next: 26%
Magic:  4/4        EV:  9    Int:  9 (10) God:
Gold:   97         SH:  5    Dex: 11 (13) Spells: 3/3 levels left

rFire   . . .      SeeInvis +    a - +0 war axe
rCold   . . .      Faith    .    c - +1 buckler
rNeg    . . .      Spirit   .    b - +0 scale mail
rPois   .          Reflect  .    (no helmet)
rElec   .          Harm     .    (no cloak)
rCorr   .          Rampage  .    (no gloves)
Will    .....                    (no boots)
Stlth   ..........               (no amulet)
HPRegen 0.31/turn                (no ring)
MPRegen 0.09/turn                (no ring)

@: healing quickly
A: alive, fangs 3, see invisible, vampiric 2
a: Exsanguinate


You were in a sewer.
You visited 1 branch of the dungeon, and saw 3 of its levels.
You also visited: Sewer.

You collected 97 gold pieces.

Inventory:

Hand Weapons
 a - a +0 war axe (weapon)
Armour
 b - a +0 scale mail (worn)
 c - a +1 buckler (worn)
Jewellery
 g - a ring of ice
 i - a ring of magical power
Wands
 r - a wand of roots (3)
Scrolls
 e - 2 scrolls of teleportation
 h - 2 scrolls of identify
 j - a scroll of immolation
 k - a scroll of noise
 m - a scroll of amnesia
 n - a scroll of fear
 p - a scroll of vulnerability
Potions
 l - a potion of cancellation
 t - a potion of flight


   Skills:
 + Level 3.0 Fighting
 + Level 3.1 Axes
 + Level 2.9 Armour
 + Level 0.1 Dodging
 + Level 3.1 Shields


You had 3 spell levels left.
You didn't know any spells.
Your spell library contained the following spells:

 Spells                   Type           Power      Damage    Failure   Level
 Sublimation of Blood     Necr           0%         N/A       95%         2
 Wereblood                Tmut           0%         N/A       95%         2
 Dazzling Flash           Conj/Hex       0%         N/A       99%         3
 Iskenderun's Mystic Bla  Conj/Tloc      0%         2d3       100%        4
 Starburst                Conj/Fire      0%         6d3       100%        6
 Summon Hydra             Summ           0%         N/A       100%        7


Dungeon Overview and Level Annotations

Branches:
Dungeon (3/15)              Sewer (1/1)

Altars:


Innate Abilities, Weirdness & Mutations

Your natural rate of healing is accelerated.
You have razor-sharp teeth.
You have supernaturally acute eyesight. (SInv)
You are afflicted with vampirism and can become a bat while bloodless.


Message History

You slash the kobold brigand! You block the kobold brigand's attack.
The kobold brigand hits you but does no damage.
The kobold brigand closely misses you. You block the kobold brigand's attack.
You closely miss the kobold brigand.
The kobold brigand is severely wounded.
You closely miss the kobold brigand.
The kobold brigand hits you with a +0 short sword.
You block the kobold brigand's attack.
Unknown command.
You closely miss the kobold brigand.
The kobold brigand is severely wounded.
You closely miss the kobold brigand.
The kobold brigand hits you with a +0 short sword.
The kobold brigand hits you with a +0 dagger.
The kobold brigand hits you with a +0 short sword.
* * * LOW HITPOINT WARNING * * *
It was a potion of curing.
You feel better.
The kobold brigand hits you with a +0 dagger.
* * * LOW HITPOINT WARNING * * *
The kobold brigand hits you with a +0 short sword.
* * * LOW HITPOINT WARNING * * *
You barely miss the kobold brigand.
The kobold brigand is severely wounded.
You slash the kobold brigand!
The kobold brigand hits you with a +0 dagger.
* * * LOW HITPOINT WARNING * * *
The kobold brigand completely misses you.
The kobold brigand hits you with a +0 dagger.
* * * LOW HITPOINT WARNING * * *
It was a potion of cancellation.
Your magical effects are unravelling.
You feel magically purged.
You feel a little less mighty now.
The kobold brigand hits you but does no damage.
The kobold brigand barely misses you.
You miss the kobold brigand.
The kobold brigand is severely wounded.
You hit the kobold brigand. You block the kobold brigand's attack.
The kobold brigand hits you with a +0 dagger.
You die...

#~ ~~~ ~~ ≈≈≈ ~≈≈≈ ~~
~~~~
#######~##############
~P..P~P~~~~P.~~~#.!..#
~...~~~~~~....~K@.!∩.#
.......~~~...~~.)K...#
.P..............#....#
........†......#######
...............#
..........PP.###
........P#####
..####.### ### ###


You could see 2 kobold brigands.

Vanquished Creatures
  2 adders (D:3)
  A worm (D:2)
  A dart slug (D:2)
  7 bats
  7 endoplasms
  7 giant cockroaches
  3 hobgoblins
  4 jackals (D:2)
  A kobold (Sewer)
  2 quokkas (D:1)
  6 ball pythons
  5 frilled lizards
  6 goblins
  6 rats
58 creatures vanquished.

Vanquished Creatures (others)
  2 plants (Sewer)
2 creatures vanquished.

Grand Total: 60 creatures vanquished

Notes
Turn   | Place    | Note
-------+----------+-------------------------------------------
     0 | D:1      | SensoryNuts the Vampire Fighter began the quest for the
                  | Orb.
     0 | D:1      | Reached XP level 1. HP: 17/17 MP: 1/1
   133 | D:1      | Reached XP level 2. HP: 23/23 MP: 2/2
   386 | D:1      | Found a faded altar of an unknown god.
   751 | D:1      | Gained mutation: You are afflicted with vampirism and can
                  | become a bat while bloodless. [Vampire growth]
   751 | D:1      | Reached XP level 3. HP: 23/29 MP: 3/3
  2132 | D:3      | Found a glowing drain.
  2155 | D:3      | Reached XP level 4. HP: 27/35 MP: 4/4
  2165 | Sewer    | Entered a sewer
  2236 | Sewer    | Noticed a kobold brigand
  2236 | Sewer    | Noticed a kobold brigand
  2249 | Sewer    | Slain by a kobold brigand

Illustrated notes

Levels and vault maps discovered:
D:1:      scummos_arrival_hexagon, layout_loops_corners,
          hellmonk_ecumenical_altar_heavens_door
D:2:      layout_basic, minmay_misc_feat_secret_circle
D:3:      layout_loops_ring, gup_sewer_entry_glass
Sewer:    kennysheep_pipe_town

Skill      XL: |  1  2  3 |
---------------+----------+-----
Axes           | 2 3 |  3.1
Shields        | 3 |  3.1
Fighting       | 3 |  3.0
Armour         | |  2.9
Dodging        | |  0.1

Action                   |  1- 3 |  4- 6 || total
-------------------------+-------+-------++-------
Melee: War axe           |   129 |    26 ||   155
       Bite              |    13 |       ||    13
  Use: Scroll            |     7 |       ||     7
       Potion            |     5 |     3 ||     8
Armor: Scale mail        |    69 |    11 ||    80
Dodge: Dodged            |    55 |    11 ||    66
Block: Buckler           |    25 |     8 ||    33

Table legend: (Time is in decaauts)
 A = Elapsed time spent in this place.
 B = Non-inter-level travel time spent in this place.
 C = Inter-level travel time spent in this place.
 D = Time resting spent in this place.
 E = Time spent auto-exploring this place.
 F = Levels seen in this place.
 G = Mean time per level.
                   A        B        C        D        E       F      G
               +--------+--------+--------+--------+--------+-----+--------+
         Total |   2322 |   2198 |    124 |    245 |   1505 |   4 |  580.5 |
       Dungeon |   2223 |   2099 |    124 |    245 |   1457 |   3 |  741.0 |
         Sewer |     98 |     98 |      0 |      0 |     48 |   1 |   98.0 |
               +--------+--------+--------+--------+--------+-----+--------+

Top non-repeatable levels by time:
     D:1: 1010 daAuts
     D:2: 934 daAuts
     D:3: 279 daAuts
   Sewer: 98 daAuts
